 Dungeon Crawl Stone Soup version 0.19.0-19-g8c6edcc (webtiles) character file.

62 Minion the Shooter (level 3, 0/29 HPs)
             Began as a Centaur Hunter on Nov 16, 2016.
             Slain by an adder (2 damage)
             ... on level 2 of the Dungeon.
             The game lasted 00:03:49 (1188 turns).

Minion the Shooter (Centaur Hunter)                 Turns: 1188, Time: 00:03:52

Health: 0/29       AC:  4    Str: 14    XL:     3   Next: 85%
Magic:  3/3        EV:  9    Int: 12    God:
Gold:   126        SH:  0    Dex: 10    Spells: 0 memorised, 2 levels left

rFire  . . .     SeeInvis .     a - +1 shortbow
rCold  . . .     Gourm    .     c - +0 leather armour
rNeg   + . .     Faith    .     (shield currently unavailable)
rPois  .         Spirit   .     (no helmet)
rElec  .         Reflect  .     (no cloak)
rCorr  .         Harm     .     (no gloves)
MR     .....                    (no barding)
Stlth  +.........               (no amulet)
                                r - +2 ring of intelligence
                                o - ring of positive energy

@: about to teleport, very quick
A: hooves 3, deformed body, speed 2, tough skin 3
a: no special abilities


You were on level 2 of the Dungeon.
You were not hungry.

You visited 1 branch of the dungeon, and saw 2 of its levels.

You collected 126 gold pieces.

Inventory:

Hand Weapons
 a - a +1 shortbow (weapon)
 b - a +0 short sword
Missiles
 d - an arrow (quivered)
Armour
 c - a +0 leather armour (worn)
Jewellery
 o - a ring of positive energy (left hand)
 r - a +2 ring of intelligence (right hand)
Scrolls
 e - a scroll of identify {unknown}
 g - a scroll of blinking {unknown}
 j - a scroll of remove curse
 p - a scroll of noise
Potions
 h - 2 potions of curing {unknown}
 i - 2 potions of berserk rage {unknown}
 l - a potion of resistance {unknown}
 m - 2 potions of degeneration {unknown}
 q - a potion of cancellation {unknown}
 s - a potion of haste {unknown}
Comestibles
 f - 3 bread rations
 k - a slice of pizza
 t - 2 chunks of flesh
 u - a meat ration


   Skills:
 - Level 2.0 Fighting
 * Level 7.3 Bows
 + Level 1.3 Dodging
 - Level 0.4 Stealth


You had 2 spell levels left.
You didn't know any spells.

Dungeon Overview and Level Annotations

Branches:
Dungeon (2/15)

Altars:


Innate Abilities, Weirdness & Mutations

You have hooves in place of feet.
Armour fits poorly on your strangely shaped body.
You cover ground very quickly.
You have extremely tough skin. (AC +3)


Message History

The hobgoblin hits you.
* * * LOW HITPOINT WARNING * * *
As you read the scroll labeled YFOORARIST, it crumbles to dust.
You feel as if something is helping you.
It was a scroll of remove curse.
The hobgoblin hits you but does no damage.
The adder barely misses you.
The hobgoblin hits you but does no damage.
The goblin hits you with a dagger.
* * * LOW HITPOINT WARNING * * *
The hobgoblin hits you.
* * * LOW HITPOINT WARNING * * *
As you read the scroll labeled TEPHEW CADANNOIQ, it crumbles to dust.
You feel strangely unstable.
It was a scroll of teleportation.
The adder barely misses you.
The hobgoblin hits you but does no damage.
The hobgoblin hits you.
* * * LOW HITPOINT WARNING * * *
The adder bites you.
You die...

#.........#######.#######
#...######...###
#........ . ###.
###...########### #....
##...###### # .....##
#[........ # .....##
##.######. # [%.K# #..# #
#gg# #........# # . #S@#
#..#####.# # ... #..!bgg#
#... # #.... ##....##
#.### #.#### ###......
##### ... #..... .<..# .[
.#. #.#### ##### ..# .. #
#.. #. # #.# ####. # #.#
....####


You could see an adder, 3 hobgoblins, a goblin, a bat and a kobold.

Vanquished Creatures
  2 adders (D:2)
  2 dart slugs
  4 bats
  5 goblins
  4 hobgoblins
  5 jackals
  A frilled lizard (D:1)
  5 kobolds
  9 rats
37 creatures vanquished.

Notes
Turn   | Place    | Note
-------+----------+-------------------------------------------
     0 | D:1      | Minion the Centaur Hunter began the quest for the Orb.
     0 | D:1      | Reached XP level 1. HP: 17/17 MP: 1/1
   117 | D:1      | Reached XP level 2. HP: 24/24 MP: 2/2
   181 | D:1      | Reached skill level 6 in Bows
   745 | D:2      | Reached XP level 3. HP: 29/29 MP: 3/3
  1088 | D:2      | Reached skill level 7 in Bows
  1188 | D:2      | Slain by an adder

Skill      XL: |  1  2  3 |
---------------+----------+-----
Bows           | 6 7 |  7.3
Fighting       | |  2.0
Dodging        | |  1.3
Stealth        | |  0.4

Action                   || total
-------------------------++-------
 Fire: Shortbow          ||   105
  Use: Scroll            ||     3
Armor: Leather armour    ||    22
Dodge: Dodged            ||    31
